 Dungeon Crawl Stone Soup version 0.29-a0-872-g797fff5ad1 (webtiles) character file.

Game seed: 6510887851016785549

114 Zonian the Chiller (level 4, 0/30 HPs)
             Began as a Demonspawn Ice Elementalist on July 18, 2022.
             Was a Follower of Dithmenos.
             Slain by a hornet zombie (5 damage)
             ... in an ossuary.
             The game lasted 00:04:32 (1727 turns).

Zonian the Chiller (Demonspawn Ice Elementalist)    Turns: 1727, Time: 00:04:32

Health: 0/30       AC:  6    Str:  8    XL:     4   Next: 66%
Magic:  8/8        EV: 13    Int: 17    God:    Dithmenos [*.....]
Gold:   71         SH:  0    Dex: 15    Spells: 7/8 levels left

rFire   . . .      SeeInvis .   j - +1 dagger (venom)
rCold   . . .      Faith    .   (no shield)
rNeg    . . .      Spirit   .   a - +0 robe
rPois   .          Reflect  .   (helmet restricted)
rElec   .          Harm     .   (no cloak)
rCorr   .          Rampage  .   (no gloves)
Will    .....                   (no boots)
Stlth   +++.......              c - amulet of regeneration
HPRegen 0.90/turn               h - +4 ring of protection
MPRegen 0.11/turn               (no ring)

@: on berserk cooldown, slowed, wreathed by umbra, very slow
A: antennae 1, powered by death 1
a: Renounce Religion


You were in an ossuary.
You worshipped Dithmenos.
Dithmenos was aware of your devotion.
You visited 1 branch of the dungeon, and saw 3 of its levels.
You also visited: Ossuary.

You collected 71 gold pieces.

Inventory:

Hand Weapons
 e - a +0 dagger
 j - a +1 dagger of venom (weapon)
Armour
 a - a +0 robe (worn)
Jewellery
 c - an amulet of regeneration (around neck)
 h - a +4 ring of protection (left hand)
Scrolls
 f - a scroll of enchant armour {unknown}
 o - a scroll of fog {unknown}
Potions
 b - a potion of magic
 g - a potion of curing {unknown}
 k - a potion of attraction {unknown}
 m - a potion of might {unknown}
 n - 2 potions of lignification {unknown}


   Skills:
 + Level 2.7 Dodging
 + Level 2.8 Stealth
 + Level 2.8 Spellcasting
 + Level 4.2 Ice Magic


You had 7 spell levels left.
You knew the following spells:

 Your Spells              Type           Power      Damage    Failure   Level
a - Freeze                Ice            64%        1d8       3%          1

Your spell library contained the following spells:

 Spells                   Type           Power      Damage    Failure   Level
 Frozen Ramparts          Ice            32%        1d5       10%         3
 Ozocubu's Armour         Ice            16%        N/A       10%         3
 Sandblast                Erth           4%         2d4       19%         1
 Passwall                 Tmut/Erth      1%         N/A       26%         2
 Confusing Touch          Hex            2%         N/A       47%         3
 Stone Arrow              Conj/Erth      4%         3d7       47%         3
 Hailstorm                Conj/Ice       9%         3d4       58%         4
 Passage of Golubria      Tloc           2%         N/A       87%         4
 Silence                  Hex/Air        1%         N/A       99%         5
 Yara's Violent Unravell  Hex/Tmut       1%         3d3       99%         5
 Enfeeble                 Hex            1%         N/A       100%        7
 Lehudib's Crystal Spear  Conj/Erth      1%         10d2      100%        8


Dungeon Overview and Level Annotations

Branches:
Dungeon (4/15)            Ossuary (1/1)
 Temple: D:4-7

Altars:
Dithmenos


Innate Abilities, Weirdness & Mutations

You have a pair of small antennae on your head.
You regenerate a little health from kills.


Message History

You destroy the mummy!
Dithmenos accepts your kill.
The hornet zombie completely misses you.
The water moccasin zombie closely misses you.
A mummy comes into view.
The hornet zombie misses you.
Unknown command.
A mummy comes into view.
You feel a strong urge to attack something.
The hornet zombie closely misses you.
Unknown command.
You are no longer berserk.
You are exhausted.
You feel yourself slow down. The mummy hits you but does no damage.
There is an open door here.
You hit the mummy but do no damage.
The water moccasin zombie closely misses you.
The hornet zombie barely misses you. The mummy misses you.
The water moccasin zombie misses you. The mummy completely misses you.
The hornet zombie hits you!
You hit the mummy but do no damage. The water moccasin zombie bites you.
The hornet zombie barely misses you. The mummy completely misses you.
The mummy hits you!
* * * LOW HITPOINT WARNING * * *
The water moccasin zombie bites you.
* * * LOW HITPOINT WARNING * * *
Unknown command.
As you read the scroll labelled GAOPRE HAIM, it crumbles to dust.
You assume a fearsome visage.
The hornet zombie is unaffected.
The water moccasin zombie is unaffected.
The mummy is unaffected. x3; It was a scroll of fear.
The hornet zombie barely misses you. The hornet zombie hits you.
* * * LOW HITPOINT WARNING * * *
The water moccasin zombie bites you but does no damage.
The mummy barely misses you.
Blink to where?
Press: ? - help, Dir - move target
As you read the scroll labelled JUIDAT ANKETA, it crumbles to dust.
It was a scroll of blinking.
The hornet zombie hits you.
You die...

## ## #. .# #
+#+#+#'#'#'###
.......MM..'.#
##ยง## #...#
#ZZ.# #@..#
##### { {


You could see 2 mummies, a water moccasin zombie and a hornet zombie.

Vanquished Creatures
  A howler monkey (D:4)
  An iguana (D:4)
  A mummy (Ossuary)
  An ufetubus (D:4)
  A worm (D:1)
  A dart slug (D:1)
  3 bats
  3 endoplasms (D:1)
  3 giant cockroaches
  4 goblins
  A hobgoblin (D:1)
  3 ball pythons
  A frilled lizard (D:1)
  A kobold (D:1)
  A rat (D:1)
26 creatures vanquished.

Vanquished Creatures (others)
  2 withered plants (D:2)
2 creatures vanquished.

Grand Total: 28 creatures vanquished

Notes
Turn   | Place    | Note
-------+----------+-------------------------------------------
     0 | D:1      | Zonian the Demonspawn Ice Elementalist began the quest for
                  | the Orb.
     0 | D:1      | Reached XP level 1. HP: 13/13 MP: 3/3
   433 | D:1      | Gained mutation: You have a pair of small antennae on your
                  | head. [demonic ancestry]
   433 | D:1      | Reached XP level 2. HP: 19/19 MP: 3/5
  1143 | D:2      | Found a faded altar of an unknown god.
  1163 | D:2      | Reached XP level 3. HP: 24/24 MP: 6/6
  1365 | D:2      | Prayed at the altar of an unknown god.
  1365 | D:2      | Became a worshipper of Dithmenos the Shadowed
  1365 | D:2      | Reached * piety under Dithmenos
  1479 | D:2      | You fall into a shaft and drop 2 floors!
  1520 | D:4      | Reached skill level 4 in Ice Magic
  1520 | D:4      | Gained mutation: You regenerate a little health from kills.
                  | [demonic ancestry]
  1520 | D:4      | Reached XP level 4. HP: 30/30 MP: 7/7
  1635 | D:4      | Found a sand-covered staircase.
  1706 | Ossuary  | Entered an ossuary
  1727 | Ossuary  | Slain by a hornet zombie

Illustrated notes

Levels and vault maps discovered:
D:1:      dpeg_arrival_brainrot, layout_rooms, minmay_misc_feat_four_crosses
D:2:      layout_basic, ebering_ecumenical_altar_petrified
D:4:      layout_rooms, old_standard_altar, kennysheep_little_box,
          mainiacjoe_overflow_brackets, nicolae_ossuary_entry_ruins
Ossuary:  ossuary_zaba_flooded

Skill      XL: |  1  2  3 |
---------------+----------+-----
Stealth        | 2 |  2.8
Dodging        | 2 |  2.7
Ice Magic      | 4 |  4.2
Spellcasting   | |  2.8

Action                   |  1- 3 |  4- 6 || total
-------------------------+-------+-------++-------
Melee: Unarmed           |    11 |       ||    11
       Dagger            |    27 |     5 ||    32
 Cast: Freeze            |    28 |     9 ||    37
  Use: Scroll            |     3 |     2 ||     5
       Potion            |       |     1 ||     1
 Stab: Sleeping          |     1 |       ||     1
Armor: Robe              |    20 |     3 ||    23
Dodge: Dodged            |    43 |    30 ||    73

Table legend: (Time is in decaauts)
 A = Elapsed time spent in this place.
 B = Non-inter-level travel time spent in this place.
 C = Inter-level travel time spent in this place.
 D = Time resting spent in this place.
 E = Time spent auto-exploring this place.
 F = Levels seen in this place.
 G = Mean time per level.
                   A        B        C        D        E       F      G
               +--------+--------+--------+--------+--------+-----+--------+
         Total |   1724 |   1697 |     27 |    445 |    765 |   4 |  431.0 |
       Dungeon |   1704 |   1677 |     27 |    445 |    765 |   3 |  568.0 |
       Ossuary |     20 |     20 |      0 |      0 |      0 |   1 |   20.0 |
               +--------+--------+--------+--------+--------+-----+--------+

Top non-repeatable levels by time:
     D:1: 855 daAuts
     D:2: 621 daAuts
     D:4: 226 daAuts
 Ossuary: 20 daAuts
